 Dungeon Crawl Stone Soup version 0.29-a0-284-gf9362112df (webtiles) character file.

Game seed: 3073997485482377324

317 Zonian the Chiller (level 6, -2/47 HPs)
             Began as a Demonspawn Ice Elementalist on Mar 30, 2022.
             Was an Initiate of Gozag.
             Slain by an ogre
             ... wielding a +0 giant club
              (35 damage)
             ... on level 4 of the Dungeon.
             The game lasted 00:09:11 (6581 turns).

Zonian the Chiller (Demonspawn Ice Elementalist)    Turns: 6581, Time: 00:09:11

Health: -2/47      AC:  4    Str:  9    XL:     6   Next: 20%
Magic:  10/10      EV: 13    Int: 16    God:    Gozag
Gold:   489        SH:  0    Dex: 15    Spells: 10/11 levels left

rFire   . . .      SeeInvis .   g - +2 dagger (venom)
rCold   . . .      Faith    .   (no shield)
rNeg    . . .      Spirit   .   a - +1 robe
rPois   .          Reflect  .   (no helmet)
rElec   .          Harm     .   (no cloak)
rCorr   .          Rampage  .   (no gloves)
Will    .....                   (no boots)
Stlth   ++........              e - amulet of magic regeneration
HPRegen 0.15/turn               (no ring)
MPRegen 0.52/turn               (no ring)

@: gold aura
A: hooves 1, rugged brown scales 1, demonic guardian 1, ignite blood 1
a: Renounce Religion, Potion Petition, Call Merchant, Bribe Branch


You were on level 4 of the Dungeon.
You worshipped Gozag.
Gozag was aware of your devotion.
You visited 1 branch of the dungeon, and saw 4 of its levels.
You also visited: Sewer.

You collected 489 gold pieces.

Inventory:

Hand Weapons
 c - a +0 whip
 f - a +0 short sword
 g - a +2 dagger of venom (weapon)
Armour
 a - a +1 robe (worn)
Jewellery
 e - an amulet of magic regeneration (around neck)
Scrolls
 h - a scroll of teleportation
 n - a scroll of enchant armour
 r - 2 scrolls of noise
Potions
 b - 2 potions of magic
 l - 2 potions of cancellation
 o - a potion of heal wounds
 s - a potion of ambrosia {unknown}


   Skills:
 + Level 2.4 Fighting
 + Level 2.1 Short Blades
 + Level 3.1 Dodging
 - Level 1.9 Stealth
 + Level 3.2 Spellcasting
 + Level 4.4 Ice Magic


You had 10 spell levels left.
You knew the following spells:

 Your Spells              Type           Power      Damage    Failure   Level
a - Freeze                Ice            64%        1d8       3%          1

Your spell library contained the following spells:

 Spells                   Type           Power      Damage    Failure   Level
 Frozen Ramparts          Ice            32%        1d5       9%          3
 Ozocubu's Armour         Ice            16%        N/A       9%          3
 Animate Skeleton         Necr           4%         N/A       19%         1
 Apportation              Tloc           4%         N/A       19%         1
 Foxfire                  Conj/Fire      8%         2x1d4     19%         1
 Magic Dart               Conj           8%         1d3       19%         1
 Summon Small Mammal      Summ           8%         N/A       19%         1
 Searing Ray              Conj           4%         2d4       28%         2
 Conjure Flame            Conj/Fire      2%         6-21      50%         3
 Inner Flame              Hex/Fire       2%         N/A       50%         3
 Summon Guardian Golem    Hex/Summ       2%         N/A       50%         3
 Hailstorm                Conj/Ice       9%         3d4       58%         4
 Flame Wave               Conj/Fire      2%         2d4       88%         4
 Fulminant Prism          Conj/Hex       1%         3d6       88%         4
 Orb of Destruction       Conj           1%         9d5       100%        7
 Spellforged Servitor     Conj/Summ      1%         N/A       100%        7


Dungeon Overview and Level Annotations

Branches:
Dungeon (4/15)              Sewer (visited)
 Temple: D:4-7

Altars:
Gozag

Shops:
D:2 =

Annotations:
D:4 Sigmund


Innate Abilities, Weirdness & Mutations

You have large cloven feet.
You are partially covered in rugged brown scales. (AC +1, +3% HP)
A weak demonic guardian rushes to your aid.
Your demonic aura sometimes causes spilled blood to erupt in flames.


Message History

You are frozen.
You hit the endoplasm.
You kill the endoplasm!
Unknown command.
Casting: Freeze (safe; 3% risk of failure)
Confirm with . or Enter, or press ? or * to list all spells.
You don't know that spell.
Unknown command.
Casting: Freeze (safe; 3% risk of failure)
Confirm with . or Enter, or press ? or * to list all spells.
Aiming: Freeze (safe; 3% risk of failure)
Press: ? - help, Shift-Dir - straight line, f - ogre
Aim: an ogre, wielding a +0 giant club You freeze the ogre!
The ogre is moderately wounded.
The ogre hits you with a +0 giant club!
A demonic guardian appears!
Unknown command.
The ogre is distracted by your dazzling golden aura.
Unknown command.
The ogre is no longer distracted by gold.
Your white imp hits the ogre.
Your white imp freezes the ogre.
Unknown command.
The ogre hits your white imp with a +0 giant club!!
Your white imp dies!
Your white imp disappears in a puff of smoke!
The jelly is distracted by your dazzling golden aura.
Unknown command.
Casting: Freeze (safe; 3% risk of failure)
Confirm with . or Enter, or press ? or * to list all spells.
Okay, then.
The ogre closely misses you.
The jelly quivers.
You hit the ogre.
The ogre is poisoned.
The ogre is severely wounded.
You hit the ogre.
The ogre looks as sick as possible!
The ogre is severely wounded.
The ogre hits you with a +0 giant club!!
Ouch! That really hurt!
You die...
Your body crumbles into a pile of gold.

....#
##############
....# #......
....# #.....
....# #.... #####
.... ## #J. .#
#g# .# #O# .#
#@### .# #...# ##
###.# #.# #.#
#.###### ########
#.#....# #......#
#.#.##.#
#......###......#


You could see an ogre (extremely poisoned), a jelly and a hobgoblin.

Vanquished Creatures
  Pargi (Sewer)
  A hound (D:4)
  An orc priest (D:3)
  An orc wizard (D:3)
  3 adders (D:4)
  2 river rats (D:4)
  2 worms (D:3)
  A dart slug (D:3)
  8 orcs (D:3)
  6 endoplasms
  6 giant cockroaches
  4 goblins
  3 hobgoblins
  2 quokkas
  7 ball pythons
  5 bats
  3 frilled lizards
  9 kobolds
  6 rats
71 creatures vanquished.

Vanquished Creatures (collateral kills)
  An orc (D:3)
1 creature vanquished.

Grand Total: 72 creatures vanquished

Notes
Turn   | Place    | Note
-------+----------+-------------------------------------------
     0 | D:1      | Zonian the Demonspawn Ice Elementalist began the quest for
                  | the Orb.
     0 | D:1      | Reached XP level 1. HP: 13/13 MP: 3/3
   752 | D:1      | Gained mutation: A weak demonic guardian rushes to your
                  | aid. [demonic ancestry]
   752 | D:1      | Reached XP level 2. HP: 14/19 MP: 1/5
  1585 | D:2      | Found a faded altar of an unknown god.
  1601 | D:2      | Prayed at the altar of an unknown god.
  1601 | D:2      | Became a worshipper of Gozag Ym Sagoz the Greedy
  2357 | D:2      | Gained mutation: You have large cloven feet. [demonic
                  | ancestry]
  2357 | D:2      | Reached XP level 3. HP: 25/25 MP: 6/6
  2532 | D:2      | Found Kucuot's Jewellery Emporium.
  2878 | D:3      | Reached skill level 1 in Fighting
  3357 | D:3      | Reached skill level 1 in Short Blades
  3357 | D:3      | Reached skill level 4 in Ice Magic
  3357 | D:3      | Gained mutation: You are partially covered in rugged brown
                  | scales. (AC +1, +3% HP) [demonic ancestry]
  3357 | D:3      | Reached XP level 4. HP: 19/32 MP: 7/7
  3370 | D:3      | HP: 1/32 [orc/boomerang (4)]
  4732 | D:4      | Found a glowing drain.
  4746 | D:4      | Reached XP level 5. HP: 30/39 MP: 9/9
  4787 | Sewer    | Entered a sewer
  5093 | Sewer    | Noticed Pargi
  5102 | Sewer    | Killed Pargi
  5653 | D:4      | Noticed a black bear
  5709 | D:4      | Gained mutation: Your demonic aura sometimes causes spilled
                  | blood to erupt in flames. [demonic ancestry]
  5709 | D:4      | Reached XP level 6. HP: 46/46 MP: 10/10
  6343 | D:4      | Noticed Sigmund
  6581 | D:4      | Slain by an ogre

Illustrated notes

Levels and vault maps discovered:
D:1:      dpeg_arrival_tiny_d, layout_basic, hangedman_abyss_or_decor_stabs
D:2:      layout_basic, serial_shops, shop, basic_ecumenical_altar,
          hangedman_decor_points
D:3:      layout_loops_ring
D:4:      layout_basic, portal_sewer_entry_b, saegor_snake_ambush, uniq_sigmund

Skill      XL: |  1  2  3  4  5 |
---------------+----------------+-----
Dodging        | 2 3 |  3.1
Fighting       | 1 2 |  2.4
Short Blades   | 1 2 |  2.1
Ice Magic      | 4 |  4.4
Spellcasting   | 3 |  3.2
Stealth        | |  1.9

Action                   |  1- 3 |  4- 6 || total
-------------------------+-------+-------++-------
Melee: Unarmed           |    12 |       ||    12
       Dagger            |    50 |    87 ||   137
       Whip              |    11 |       ||    11
       Kick              |     5 |    27 ||    32
       Punch             |     2 |       ||     2
 Cast: Freeze            |    26 |    17 ||    43
  Use: Scroll            |       |    11 ||    11
 Stab: Sleeping          |     5 |     2 ||     7
Armor: Robe              |    20 |    10 ||    30
Dodge: Dodged            |    73 |    64 ||   137

Table legend: (Time is in decaauts)
 A = Elapsed time spent in this place.
 B = Non-inter-level travel time spent in this place.
 C = Inter-level travel time spent in this place.
 D = Time resting spent in this place.
 E = Time spent auto-exploring this place.
 F = Levels seen in this place.
 G = Mean time per level.
                   A        B        C        D        E       F      G
               +--------+--------+--------+--------+--------+-----+--------+
         Total |   6589 |   6508 |     81 |   2488 |   2903 |   5 | 1317.8 |
       Dungeon |   5819 |   5738 |     81 |   1947 |   2903 |   4 | 1454.8 |
         Sewer |    770 |    770 |      0 |    541 |      0 |   1 |  770.0 |
               +--------+--------+--------+--------+--------+-----+--------+

Top non-repeatable levels by time:
     D:3: 1951 daAuts
     D:1: 1543 daAuts
     D:2: 1202 daAuts
     D:4: 1122 daAuts
   Sewer: 770 daAuts
